Map: Port Aleksander LE

Players

Snute - Winner!

  • Race: Zerg Zerg
  • Spawn Location: 11:00

SaLemandr

  • Race: Terran Terran
  • Spawn Location: 5:00

Event: 2019 WCS Spring

VOD

Have the link to the VOD?

Description

Time

  • Played on: May 17, 2019, 6:28 a.m.
  • Length: 11:17

All games in this series

Show
View Real Time Build Order
Export as new Build Order

Snute Zerg - Winner!

Build Orders: Pool First 

Get SALT Encoding   

  12  0:00  Drone  
  13  0:12  Overlord  
  13  0:18  Drone  
  14  0:31  Drone x2  
  14  0:35  Drone  
  17  0:46  Spawning Pool  
  17  0:49  Drone  
  17  1:10  Hatchery  
  16  1:13  Drone  
  17  1:33  Zergling x6  
  17  1:34  Queen  
  22  1:40  Extractor  
  22  1:44  Overlord  
  21  1:55  Drone  
  22  2:07  Drone  
  23  2:09  Queen  
  25  2:16  Drone  
  25  2:22  Drone  
  27  2:24  Queen  
  27  2:29  Drone  
  30  2:34  Drone  
  31  2:39  Drone  
  31  2:42  Drone x3  
  31  2:44  Drone  
  34  2:48  Metabolic Boost  
  34  2:51  Drone  
  34  2:57  Overlord  
  34  3:07  Drone x2  
  36  3:18  Zergling x8  
  39  3:21  Drone x4  
  39  3:24  Drone  
  44  3:30  Overlord  
  44  3:35  Overlord  
  44  3:44  Hatchery  
  43  3:49  Drone x2  
  43  3:50  Queen  
  43  3:51  Drone  
  43  3:52  Drone  
  49  4:00  Drone x3  
  49  4:02  Drone x3  
  54  4:08  Zergling x2  
  55  4:13  Zergling x2  
  55  4:15  Drone  
  57  4:18  Lair  
  57  4:23  Extractor, Zergling x2  
  57  4:24  Zergling x6  
  60  4:29  Overlord  
  60  4:34  Drone  
  60  4:36  Overlord x2  
  60  4:40  Baneling Nest  
  60  4:43  Overlord  
  59  4:50  Spore Crawler, Queen  
  59  4:54  Zergling x4  
  59  4:56  Queen  
  63  5:01  Zergling x10  
  68  5:07  Drone  
  68  5:08  Drone  
  68  5:11  Drone  
  71  5:17  Drone x2  
  73  5:24  Centrifical Hooks, Drone  
  73  5:25  Queen x2  
  78  5:29  Drone x3  
  78  5:30  Drone  
  78  5:34  Overlord  
  78  5:35  Overlord  
  82  5:41  Evolution Chamber x2, Drone  
  82  5:42  Drone  
  82  5:48  Spore Crawler, Overlord  
  79  5:52  Drone x4  
  84  6:01  Drone  
  84  6:02  Drone x6  
  84  6:03  Drone  
  92  6:05  Drone  
  92  6:08  Zerg Ground Armor Level 1  
  92  6:12  Overlord  
  92  6:13  Drone  
  92  6:15  Extractor  
  92  6:16  Extractor  
  91  6:20  Zerg Melee Weapons Level 1  
  91  6:21  Drone  
  91  6:28  Hatchery  
  91  6:31  Baneling x5  
  90  6:35  Overlord  
  90  6:36  Overlord  
  90  6:39  Zergling x2  
  94  6:40  Extractor, Zergling x6  
  94  6:44  Zergling x8  
  97  6:49  Zergling x8  
  97  6:52  Zergling x4  
  103  6:57  Drone x2  
  103  6:58  Drone  
  103  7:01  Baneling x10  
  106  7:10  Hatchery  
  104  7:16  Burrow  
  104  7:17  Baneling x4  
  104  7:19  Zergling x8  
  108  7:26  Zergling x12  
  108  7:28  Baneling  
  108  7:29  Baneling x4  
  114  7:30  Baneling  
  114  7:31  Baneling  
  97  7:45  Zergling x16  
  94  7:53  Zergling x10  
  97  8:02  Drone x3  
  97  8:03  Drone  
  97  8:04  Zerg Ground Armor Level 2  
  101  8:06  Drone  
  101  8:11  Baneling x13  
  100  8:16  Zergling x6  
  103  8:20  Zergling x2  
  103  8:21  Zergling x2  
  103  8:25  Zerg Melee Weapons Level 2  
  103  8:27  Queen  
  104  8:30  Drone  
  104  8:31  Drone x7  
  112  8:43  Zergling x2  
  112  8:44  Hatchery, Zergling x14  
  119  8:51  Zergling x8  
  119  8:55  Zergling x2  
  124  8:56  Baneling  
  124  8:57  Baneling x9  
  124  9:05  Zergling x26  
  137  9:14  Zergling x6  
  140  9:19  Zergling x2  
  140  9:20  Infestation Pit, Zergling x4  
  140  9:25  Baneling x2  
  140  9:27  Zergling x2  
  140  9:28  Zergling x2  
  140  9:29  Overlord x4  
  142  9:31  Overlord  
  142  9:38  Overlord x3  
  142  9:49  Zergling x2  
  142  9:50  Zergling x24  
  155  10:01  Hatchery, Zergling x2  
  155  10:02  Zergling x16  
  162  10:09  Spire  
  162  10:10  Zergling x10  
  166  10:21  Zergling x14  
  173  10:34  Zergling x22  
  184  10:37  Baneling x17  
  184  10:38  Baneling x12  
  180  10:52  Zergling x2  
  180  10:53  Zergling x26  
Show
View Real Time Build Order
Export as new Build Order

SaLemandr Terran 

Build Orders: Reaper Expand 

Get SALT Encoding   

  12  0:00  SCV  
  13  0:13  SCV  
  14  0:18  Supply Depot  
  14  0:25  SCV  
  15  0:39  SCV  
  15  0:41  Barracks  
  16  0:47  Refinery  
  16  0:51  SCV  
  17  1:03  SCV  
  18  1:15  SCV  
  19  1:29  Orbital Command  
  19  1:30  Reaper  
  20  1:43  Command Center  
  20  1:55  SCV  
  20  1:57  Supply Depot  
  21  2:02  Marine  
  21  2:07  SCV  
  23  2:11  Factory  
  23  2:19  SCV  
  24  2:26  Barracks Reactor  
  24  2:29  Refinery  
  24  2:31  SCV  
  23  2:43  SCV  
  24  2:55  SCV  
  25  3:00  Starport  
  25  3:06  Hellion x2  
  25  3:08  SCV  
  30  3:15  Orbital Command, Barracks Tech Lab  
  30  3:20  SCV  
  31  3:27  Hellion  
  31  3:30  Hellion  
  31  3:32  SCV  
  36  3:36  Stimpack  
  36  3:46  Viking  
  36  3:47  Marine  
  39  3:48  SCV  
  40  3:56  SCV  
  40  3:58  Supply Depot  
  40  4:02  Liberator  
  41  4:03  Hellion  
  41  4:04  Hellion  
  41  4:06  Marine  
  46  4:20  SCV x2, Supply Depot  
  46  4:24  Marine  
  52  4:32  SCV  
  53  4:40  Command Center  
  53  4:42  SCV, Supply Depot  
  53  4:44  Factory Tech Lab  
  53  4:45  SCV  
  55  4:49  Supply Depot  
  55  4:50  Marine  
  56  4:54  SCV  
  57  5:04  Starport Reactor  
  57  5:05  Barracks x2  
  57  5:07  Marine  
  57  5:10  SCV  
  57  5:11  SCV  
  60  5:22  SCV  
  60  5:23  Engineering Bay x2  
  60  5:25  Refinery  
  60  5:27  Refinery  
  61  5:30  Siege Tank  
  64  5:38  SCV  
  64  5:39  Combat Shield  
  64  5:40  Marine  
  66  5:43  SCV  
  67  5:50  SCV  
  67  5:51  Starport Reactor  
  68  5:58  Marine x2  
  68  5:59  Barracks, Marine  
  71  6:09  Marine x2  
  71  6:10  Terran Infantry Armor Level 1  
  73  6:11  Terran Infantry Weapons Level 1  
  73  6:16  Marine  
  74  6:19  SCV  
  74  6:22  Orbital Command  
  72  6:27  Barracks  
  72  6:29  Marine  
  72  6:31  Marine  
  74  6:33  Marine  
  74  6:37  Marine  
  74  6:39  Marine  
  76  6:43  SCV x2  
  76  6:46  Marine  
  78  6:48  Barracks Reactor  
  78  6:51  Medivac x2  
  78  6:53  Orbital Command  
  82  7:04  Marine x2  
  82  7:05  Marine, Supply Depot  
  82  7:06  Supply Depot  
  85  7:08  Supply Depot  
  85  7:09  Marine  
  85  7:12  Siege Tank  
  85  7:13  SCV  
  85  7:14  SCV  
  91  7:20  SCV  
  91  7:21  Marine  
  93  7:27  SCV x2, Marine x2  
  97  7:32  SCV  
  78  7:47  Marine x2  
  78  7:48  Marine  
  78  7:49  SCV  
  78  7:50  SCV  
  74  7:56  Marine  
  74  7:57  Marine  
  74  7:58  SCV  
  73  8:00  Marine x2, Barracks Reactor  
  73  8:01  SCV, Siege Tank  
  73  8:02  SCV  
  73  8:05  Marine  
  80  8:10  Medivac x2, Marine  
  80  8:11  Armory, Marine  
  86  8:14  Marine  
  86  8:19  Marine x3  
  89  8:20  SCV  
  89  8:21  SCV  
  89  8:22  SCV  
  89  8:23  Marine  
  89  8:24  Command Center  
  94  8:28  Marine  
  94  8:32  SCV, Marine  
  94  8:34  SCV x2, Command Center  
  99  8:37  Refinery x2  
  99  8:38  Marine  
  99  8:39  Marine x4  
  104  8:43  Marine x2  
  104  8:44  SCV  
  104  8:46  SCV x2, Siege Tank  
  112  9:02  Marine x5  
  117  9:31  Supply Depot  
  117  9:32  Supply Depot  
  117  9:33  SCV x3, Supply Depot, Medivac, Marine x3  
  125  9:44  Barracks  
  125  9:45  SCV, Barracks, Medivac, Marine x6  
  134  9:48  Barracks  
  134  9:51  Marine  
  135  9:56  SCV x2, Marine  
  135  9:57  Marine  
  135  9:58  Siege Tank  
  142  10:03  Marine  
  142  10:04  SCV  
  142  10:06  Medivac  
  142  10:13  SCV x2, Marine x2  
  142  10:14  Marine x3  
  147  10:15  Marauder, Medivac  
  147  10:17  Planetary Fortress  
  147  10:19  SCV  
  154  10:28  Marine x3  
  156  10:30  Siege Tank  
  160  10:36  Marauder, Starport  
  160  10:39  Marine x2  
  160  10:40  Barracks Tech Lab, Barracks Reactor  
  160  10:41  Barracks Tech Lab  
  164  10:48  Marine  
  164  10:49  Supply Depot  
  141  10:51  Supply Depot x2  
  141  10:54  Marine  
  141  10:55  Marine x3  
  141  10:56  SCV  
Tags
 
Add a new tag
Caveats
  • Supply blocks, unpowered buildings, or Contaminate may cause inaccurate times.
  • Supply counts are checked every 10 seconds.